 Dungeon Crawl Stone Soup version 0.23-a0-741-g38971ea054 (webtiles) character file.

1535 LLavrengius the Slicer (level 8, -8/54 HPs)
             Began as an Octopode Fighter on Jan 18, 2019.
             Killed by divine providence
             ... invoked by an orc priest
              (15 damage)
             ... on level 5 of the Dungeon.
             The game lasted 00:11:11 (4749 turns).

LLavrengius the Slicer (Octopode Fighter)           Turns: 4749, Time: 00:11:12

Health: -8/54      AC:  1    Str: 16    XL:     8   Next: 86%
Magic:  8/8        EV: 11    Int: 10    God:
Gold:   172        SH:  8    Dex: 11    Spells: 7/7 levels left

rFire    + . .     SeeInvis .   a - +0 rapier
rCold    x . .     Gourm    .   b - +0 shield
rNeg     . . .     Faith    .   (helmet restricted)
rPois    .         Spirit   .   (no amulet)
rElec    .         Reflect  .   f - ring of fire
rCorr    .         Harm     .   j - -2 ring of dexterity (curse)
MR       .....                  (no ring)
Stlth    +++.......             (no ring)
HPRegen  0.18/turn              (no ring)
MPRegen  0.11/turn              (no ring)
                                (no ring)
                                (no ring)

@: no status effects
A: almost no armour, stealthy swim, amphibious, 8 rings, constrict 8, camouflage
1, gelatinous body 1
a: no special abilities


You were on level 5 of the Dungeon.
You were not hungry.

You visited 1 branch of the dungeon, and saw 5 of its levels.
You also visited: Sewer.

You collected 172 gold pieces.

Inventory:

Hand Weapons
 a - a +0 rapier (weapon)
 l - a +0 dagger of draining
 q - a +0 short sword of freezing
 t - a +0 blowgun
Missiles
 u - 9 poisoned needles
 w - 4 tomahawks of returning (quivered)
Armour
 b - a +0 shield (worn)
 i - a +0 buckler
Jewellery
 f - a ring of fire (left tentacle)
 j - a cursed -2 ring of dexterity (right tentacle)
Wands
 x - a wand of flame (16)
 y - a wand of random effects (14)
Scrolls
 g - a scroll of fear {unknown}
 h - 4 scrolls of teleportation {unknown}
 m - 3 scrolls of enchant armour {unknown}
 o - 2 scrolls of remove curse {unknown}
 r - 3 scrolls of identify {unknown}
 z - a scroll of amnesia {unknown}
 B - a scroll of blinking
Potions
 c - a potion of might
 e - 2 potions of mutation {unknown}
 k - a potion of agility {unknown}
 n - 2 potions of degeneration {unknown}
 p - 3 potions of curing
 s - 2 potions of magic {unknown}
 v - a potion of brilliance {unknown}
 A - a potion of haste {unknown}
 D - a potion of flight {unknown}
Comestibles
 d - 7 rations


   Skills:
 + Level 4.3 Fighting
 + Level 10.0 Short Blades
 - Level 3.0 Dodging
 - Level 4.1 Stealth
 - Level 3.0 Shields


You had 7 spell levels left.
You didn't know any spells.
Your spell library was empty.

Dungeon Overview and Level Annotations

Branches:
Dungeon (5/15)
 Temple: D:4-7

Altars:
Ashenzari
Elyvilon
Vehumet

Shops:
D:4 (

Annotations:
D:5 Pikel


Innate Abilities, Weirdness & Mutations

You cannot wear most types of armour.
You are very stealthy in the water. (Stealth+)
You are amphibious.
You can wear up to eight rings at the same time.
You can use your tentacles to constrict eight enemies at once.
Your skin changes colour to match your surroundings (Stealth+).
Your rubbery body absorbs attacks. (AC +1, EV +1)


Message History

The orc wizard gestures at you while chanting.
The puff of frost hits you!
You feel a terrible chill! The iguana barely misses you.
You are too injured to fight recklessly!
Unknown command.
You release your grip on the orc wizard.
The orc wizard points at you and mumbles some strange words.
The puff of frost hits you!
You feel a terrible chill!
* * * LOW HITPOINT WARNING * * *
A slave comes into view.
You block the orc wizard's attack.
The slave moves out of view.
Items here: )) [[ † a +0 short sword; a +0 leather armour; a +0 dagger; a +0 robe; an orc corpse The orc wizard casts a spell at you.
The puff of flame hits you! You resist.
* * * LOW HITPOINT WARNING * * *
A slave comes into view.
The orc priest calls down the wrath of Beogh upon you.
Beogh smites you!
You die...

. #.. .. ########p#
####..os....#
#.....Kl)o..#
#######.##@######.#
#.......##.#
#.########.# #.#
### #.# #.# #.# #.#
#.# #.. #.# ..#


You could see Pikel, a slave (wandering), a scorpion, an iguana, an orc priest
and an orc wizard.

Vanquished Creatures
  Grinder (D:3)
  The ghost of PeterQ the Sneak, an amateur HuEn (D:3)
  A slave (D:5)
  8 big kobolds (Sewer)
  A scorpion (D:4)
  2 howler monkeys (D:4)
  3 bullfrog zombies
  A hound (D:4)
  3 orc wizards
  2 worker ant zombies (D:5)
  12 adders
  2 river rats (Sewer)
  6 oozes
  An adder skeleton (D:4)
  7 worms
  2 dart slugs
  6 leopard geckos
  19 orcs
  9 bats
  7 giant cockroaches
  8 goblins
  5 hobgoblins
  4 jackals (D:3)
  7 kobolds
  2 quokkas (D:2)
  5 ball pythons (Sewer)
  A frilled lizard (D:3)
  A jackal skeleton (D:5)
  12 rats
139 creatures vanquished.

Notes
Turn   | Place    | Note
-------+----------+-------------------------------------------
     0 | D:1      | LLavrengius the Octopode Fighter began the quest for the
                  | Orb.
     0 | D:1      | Reached XP level 1. HP: 16/16 MP: 1/1
   135 | D:1      | Reached skill level 1 in Stealth
   160 | D:1      | Reached XP level 2. HP: 5/21 MP: 2/2
   956 | D:2      | Reached XP level 3. HP: 22/26 MP: 3/3
  1033 | D:2      | Reached XP level 4. HP: 27/31 MP: 4/4
  1044 | D:2      | Reached skill level 3 in Short Blades
  1539 | D:2      | Found a shattered altar of Ashenzari.
  1615 | D:2      | Found a white marble altar of Elyvilon.
  1711 | D:2      | Reached XP level 5. HP: 36/36 MP: 5/5
  1717 | D:2      | Reached skill level 4 in Short Blades
  1929 | D:3      | Found a glowing drain.
  1949 | Sewer    | Entered a sewer
  2046 | Sewer    | Noticed a big kobold
  2060 | Sewer    | Killed a big kobold
  2060 | Sewer    | Reached skill level 5 in Short Blades
  2060 | Sewer    | Reached XP level 6. HP: 24/42 MP: 6/6
  2364 | Sewer    | Reached skill level 6 in Short Blades
  2492 | Sewer    | Reached XP level 7. HP: 42/46 MP: 7/7
  2522 | Sewer    | Reached skill level 7 in Short Blades
  2658 | Sewer    | Reached skill level 8 in Short Blades
  3134 | D:3      | Noticed Grinder
  3151 | D:3      | Killed Grinder
  3151 | D:3      | Reached skill level 9 in Short Blades
  3151 | D:3      | Reached XP level 8. HP: 6/52 MP: 8/8
  3577 | D:3      | Found a runed door.
  3579 | D:3      | Noticed PeterQ's ghost (amateur HuEn)
  3583 | D:3      | Killed PeterQ's ghost
  4295 | D:4      | Found Vaawiveh's Weapon Emporium.
  4516 | D:5      | Entered Level 5 of the Dungeon
  4617 | D:5      | Found a radiant altar of Vehumet.
  4732 | D:5      | Reached skill level 10 in Short Blades
  4741 | D:5      | Noticed Pikel
  4749 | D:5      | Killed from afar by an orc priest

Vault maps used:
D:1:      kennysheep_arrival_forest, minmay_misc_feat_iff
D:2:      elyvilon_altar_3, ashenzari_altar_1, minmay_heptomino_o4
D:3:      gammafunk_ghost_grave, first_ration, gup_sewer_entry_bubbles,
          serial_park_tiny_2, uniq_grinder
D:4:      serial_shops, nicolae_shop_trees, chequers_serial_rivers_micro_a,
          kennysheep_generic_room_3
D:5:      nicolae_overflow_crystal_walls, lexackson_kobold_supper, uniq_pikel
Sewer:    sewer_co_tree

Skill      XL: |  1  2  3  4  5  6  7  8 |
---------------+-------------------------+-----
Stealth        | 1 3 4 |  4.1
Short Blades   | 3 5 6 9 10 | 10.0
Fighting       | 4 |  4.3
Dodging        | |  3.0
Shields        | |  3.0

Action                   |  1- 3 |  4- 6 |  7- 9 || total
-------------------------+-------+-------+-------++-------
Melee: Rapier            |    41 |   100 |   141 ||   282
       Constrict         |    10 |    24 |    35 ||    69
       Tentacles         |     9 |    14 |    37 ||    60
  Use: Scroll            |       |     1 |     1 ||     2
 Stab: Sleeping          |     6 |    17 |    17 ||    40
       Distracted        |       |       |     1 ||     1
  Eat: Chunk             |       |     5 |     7 ||    12
Armor: Skin              |     1 |     4 |     5 ||    10
Dodge: Dodged            |     8 |    33 |    39 ||    80
Block: Shield            |    15 |    23 |    32 ||    70

Table legend:
 A = Non-vault XP
 B = Vault XP
 C = Vault XP percentage of total XP
 D = Non-vault monster count
 E = Vault monster count
 F = Vault count percentage of total count
                 A         B        C        D         E       F
            +---------+---------+-------+---------+---------+-------
      Total |     800 |    1393 |  63.5 |      97 |      41 |  29.7
            +---------+---------+-------+---------+---------+-------
        D:1 |      29 |       0 |   0.0 |      16 |       0 |   0.0
        D:2 |     147 |       5 |   3.3 |      24 |       3 |  11.1
        D:3 |     112 |     477 |  81.0 |      28 |      10 |  26.3
        D:4 |     347 |       0 |   0.0 |      21 |       0 |   0.0
        D:5 |     165 |       0 |   0.0 |       8 |       0 |   0.0
      Sewer |       0 |     911 | 100.0 |       0 |      28 | 100.0
            +---------+---------+-------+---------+---------+-------
